 Dungeon Crawl Stone Soup version 0.31.0-12-g77e489cdc1 (webtiles) character file.

Game seed: 13445827692692541825

85 Peloso the Trooper (level 4, 36/36 HPs)
             Began as a Minotaur Fighter on Mar 7, 2024.
             Got out of the dungeon alive.
             The game lasted 00:03:16 (2247 turns).

Peloso the Trooper (Minotaur Fighter)               Turns: 2247, Time: 00:03:17

Health: 36/36      AC: 11    Str: 18    XL:     4   Next: 25%
Magic:  3/3        EV:  9    Int:  4    God:
Gold:   153        SH:  5    Dex: 15    Spells: 3/3 levels left

rFire   . . .        a - +1 long sword
rCold   . . .        d - +0 buckler
rNeg    . . .        b - +0 scale mail
rPois   .            (helmet restricted)
rElec   .            m - +0 cloak
rCorr   .            c - +2 pair of gloves
SInv    .            (no boots)
Will    .....        (no amulet) Stlth
                     (no ring)
HPRegen 0.26/turn    (no ring)
MPRegen 0.08/turn

%: no passive effects
@: no status effects
A: horns 2, retaliatory headbutt, agile 1, deterioration 1, frail 1, weak 1
a: no special abilities


You escaped.
You visited 1 branch of the dungeon, and saw 3 of its levels.

You collected 153 gold pieces.

Inventory:

Hand Weapons
 a - a +1 long sword (weapon)
Armour
 b - a +0 scale mail (worn)
 c - a +2 pair of gloves (worn)
 d - a +0 buckler (worn)
 m - a +0 cloak (worn)
Jewellery
 e - a +6 ring of dexterity
 o - a ring of ice
Scrolls
 n - a scroll of identify
Potions
 f - a potion of curing
 i - 2 potions of might
 j - a potion of lignification


   Skills:
 + Level 4.5 Fighting
 + Level 3.4 Long Blades
 + Level 4.2 Armour
 + Level 0.4 Dodging
 + Level 4.3 Shields


You had 3 spell levels left.
You didn't know any spells.
Your spell library was empty.

Dungeon Overview and Level Annotations

Branches:
Dungeon (3/15)

Altars:
Cheibriados
Yredelemnul


Innate Abilities, Weirdness & Mutations

You have a pair of horns on your head.
You reflexively headbutt those who attack you in melee.
You are agile. (Dex +4, Str/Int -1)
Your body sometimes deteriorates upon taking damage.
You are frail. (-10% HP)
You are weak. (Str -2)


Message History

It was a scroll of poison.
As you read the scroll labelled TETEPN GASHARR, it crumbles to dust.
The air around you briefly surges with heat, but it dissipates.
It was a scroll of immolation.
As you read the scroll labelled AGAL VUNWOECS, it crumbles to dust.
It is a scroll of enchant weapon.
Your +0 long sword glows red for a moment.
As you read the scroll labelled LEGHEOLYVI, it crumbles to dust.
You assume a fearsome visage.
Nothing appears to happen.
It was a scroll of fear.
As you read the scroll labelled CANOUSE KIKUS, it crumbles to dust.
It is a scroll of identify.
j - a potion of lignification What level of the Dungeon? (default 12, ? - help) Sorry, I don't know how to get there.
You start waiting.
Done waiting.
You start waiting.
You start waiting.
You start waiting.
You start waiting.
You start waiting.
Done waiting.
What level of the Dungeon? (default 1, ? - help)
Things that are here:
a +0 hand axe; a boomerang; a +0 trident You see here a +0 hat.
There is an open door here.
There is a fountain of clear blue water here.
You open the door.
There is an open door here.
There is a stone staircase leading up here.
You climb upwards.
There is a stone staircase leading down here.
There is a stone staircase leading up here.
You climb upwards.
There is a stone staircase leading down here.
There is an open door here.
There is a staircase leading out of the dungeon here.
You have escaped!

....##)####
##....### #[....##
.......### #..####
####### ....##...##
#.##
....##....####.#
....##....>....#
....##.############
†...##..#.........#
....###.#...###...#
....# #.'...#.#.@.#
....# ###...###...#
....# #.........#
##### ###########


There were no monsters in sight!

Vanquished Creatures
  An adder (D:2)
  A dart slug (D:1)
  2 ribbon worms (D:2)
  An orc (D:3)
  9 endoplasms
  4 giant cockroaches
  7 goblins
  4 hobgoblins
  6 jackals
  3 kobolds
  6 quokkas
  7 ball pythons
  2 bats
  3 frilled lizards
  3 rats
59 creatures vanquished.

Notes
Turn   | Place    | Note
-------+----------+-------------------------------------------
     0 | D:1      | Peloso the Minotaur Fighter began the quest for the Orb.
     0 | D:1      | Reached XP level 1. HP: 19/19 MP: 0/0
    52 | D:1      | Reached XP level 2. HP: 22/27 MP: 1/1
   151 | D:1      | Found a faded altar of an unknown god.
   527 | D:1      | Reached XP level 3. HP: 33/33 MP: 2/2
   926 | D:2      | Reached XP level 4. HP: 41/41 MP: 3/3
  1164 | D:2      | Gained mutation: Your body sometimes deteriorates upon
                  | taking damage. [potion of mutation]
  1164 | D:2      | Gained mutation: You are weak. (Str -2) [potion of
                  | mutation]
  1164 | D:2      | Gained mutation: You are frail. (-10% HP) [potion of
                  | mutation]
  1164 | D:2      | Gained mutation: You are agile. (Dex +4, Str/Int -1)
                  | [potion of mutation]
  1462 | D:3      | Found a basalt altar of Yredelemnul.
  1467 | D:3      | Found a snail-covered altar of Cheibriados.
  2247 | D:$      | Got out of the dungeon alive.

Illustrated notes

Levels and vault maps discovered:
D:1:      nicolae_arrival_memento_mori, layout_basic,
          hellmonk_ecumenical_altar_crossroads
D:2:      layout_rooms, dreamdust_princess_bridge
D:3:      kb_forest_paths, layout_loops_ring, jmf_multi_god_temple2,
          minmay_fountain_box

Skill      XL: |  1  2  3 |
---------------+----------+-----
Armour         | 4 |  4.2
Shields        | 4 |  4.3
Fighting       | 4 |  4.5
Long Blades    | 3 |  3.4
Dodging        | |  0.4

Action                     |  1- 3 |  4- 6 || total
---------------------------+-------+-------++-------
  Melee: Long sword        |   104 |    17 ||   121
         Headbutt          |    14 |     4 ||    18
    Use: Scroll            |       |     5 ||     5
         Potion            |       |     4 ||     4
 Armour: Scale mail        |    80 |    13 ||    93
  Dodge: Dodged            |    61 |     6 ||    67
  Block: Buckler           |    23 |     3 ||    26
